Map: Bridgehead LE (Void)

Players

Walnut - Winner!

  • Race: Protoss Protoss
  • League: Grandmaster

Brainstorm

  • Race: Zerg Zerg
  • League: Gold

VOD

Have the link to the VOD?

Description

Time

  • Played on: July 15, 2015, 3:33 p.m.
  • Length: 16:42
Show
View Real Time Build Order
Export as new Build Order

Walnut Protoss - Winner!

Build Orders: Oracle Opening 

Get SALT Encoding   

  12  0:00  Probe  
  13  0:14  Pylon  
  13  0:17  Probe  
  14  0:32  Probe (Chrono Boost)  
  15  0:35  Gateway  
  15  0:42  Probe (Chrono Boost)  
  16  0:47  Assimilator  
  16  0:49  Probe  
  17  0:54  Assimilator  
  17  1:01  Probe  
  18  1:17  Probe (Chrono Boost)  
  19  1:21  Forge  
  19  1:24  Cybernetics Core  
  19  1:29  Probe (Chrono Boost)  
  20  1:35  Pylon  
  20  1:38  Probe (Chrono Boost)  
  21  1:46  Probe  
  22  1:57  Protoss Ground Weapons Level 1  
  22  2:00  Adept (Chrono Boost), Warp Gate  
  26  2:15  Mothership Core (Chrono Boost)  
  26  2:29  Nexus  
  26  2:40  Adept (Chrono Boost)  
  28  2:49  Stargate  
  28  3:02  Probe  
  29  3:12  Pylon  
  29  3:14  Probe  
  29  3:15  Pylon  
  30  3:32  Oracle (Chrono Boost)  
  33  3:38  Probe  
  34  3:49  Gateway  
  34  3:51  Probe  
  34  3:54  Gateway  
  35  4:00  Pylon  
  35  4:01  Probe  
  36  4:03  Probe  
  36  4:05  Phoenix (Chrono Boost)  
  39  4:15  Probe  
  39  4:16  Probe  
  41  4:32  Fleet Beacon  
  41  4:34  Twilight Council  
  41  4:38  Adept  
  41  4:45  Probe x2  
  45  4:49  Stalker  
  47  4:55  Stalker  
  47  4:57  Probe  
  51  5:00  Probe  
  51  5:19  Probe (Chrono Boost)  
  51  5:20  Probe (Chrono Boost), Assimilator  
  53  5:22  Assimilator  
  53  5:25  Photon Cannon  
  53  5:32  Probe x2 (Chrono Boost)  
  55  5:38  Sentry  
  55  5:39  Stalker  
  55  5:40  Probe (Chrono Boost)  
  60  5:52  Shield Upgrade  
  60  5:54  Probe x2 (Chrono Boost)  
  62  6:04  Probe x2 (Chrono Boost)  
  64  6:06  Nexus  
  64  6:07  Pylon  
  64  6:22  Tempest (Chrono Boost)  
  64  6:23  Protoss Ground Weapons Level 2 (Chrono Boost)  
  68  6:30  Gateway  
  68  6:33  Gateway  
  68  6:36  Pylon  
  68  6:37  Probe x2 (Chrono Boost)  
  70  6:40  Sentry  
  74  6:47  Probe x2 (Chrono Boost)  
  74  6:58  Robotics Facility  
  74  7:00  Pylon  
  74  7:01  Sentry x2  
  78  7:14  Pylon  
  78  7:37  Sentry  
  78  7:38  Stalker, Adept  
  78  7:42  Tempest (Chrono Boost)  
  88  7:47  Probe x3  
  88  7:48  Observer (Chrono Boost)  
  92  8:01  Adept x2  
  92  8:02  Stalker x2  
  92  8:03  Zealot  
  102  8:06  Observer (Chrono Boost)  
  102  8:08  Probe x3  
  106  8:14  Photon Cannon  
  106  8:15  Assimilator  
  106  8:16  Photon Cannon  
  106  8:19  Pylon, Assimilator  
  106  8:20  Probe x2, Blink (Chrono Boost)  
  106  8:21  Probe  
  106  8:25  Pylon  
  107  8:43  Stalker x4  
  107  8:45  Stalker  
  111  9:16  Adept x5  
  89  9:32  Tempest (Chrono Boost)  
  89  9:34  Probe x3, Protoss Ground Weapons Level 3 (Chrono Boost)  
  89  9:36  Immortal (Chrono Boost)  
  94  9:42  Stalker x2  
  94  9:47  Adept x2  
  94  9:49  Adept  
  94  9:52  Probe x3  
  103  10:04  Probe x3  
  106  10:07  Gateway  
  106  10:10  Gateway  
  106  10:12  Gateway  
  106  10:13  Photon Cannon  
  106  10:14  Adept x2  
  106  10:15  Sentry x2, Adept, Photon Cannon  
  106  10:19  Photon Cannon  
  116  10:21  Probe x2  
  116  10:24  Tempest (Chrono Boost)  
  122  10:42  Immortal  
  126  10:49  Zealot x2  
  130  10:57  Pylon  
  130  11:01  Pylon  
  130  11:03  Pylon  
  130  11:10  Nexus  
  130  11:13  Pylon  
  130  11:15  Mothership Core  
  132  11:32  Stalker x2  
  136  11:33  Adept x3  
  142  11:52  Immortal (Chrono Boost)  
  142  11:53  Adept x2  
  142  11:54  Adept  
  146  12:01  Charge (Chrono Boost)  
  150  12:04  Zealot x2  
  153  12:25  Stalker x3, Adept  
  153  12:26  Adept x4  
  153  12:29  Immortal (Chrono Boost)  
  173  12:30  Protoss Ground Armor Level 1 (Chrono Boost), Photon Cannon  
  173  12:32  Photon Cannon  
  173  12:34  Photon Cannon  
  173  12:41  Assimilator  
  173  12:46  Photon Cannon  
  173  12:48  Photon Cannon  
  173  12:49  Templar Archives  
  151  12:52  Carrier (Chrono Boost)  
  137  13:05  Stalker  
  137  13:06  Stalker x7  
  141  13:19  Immortal (Chrono Boost)  
  149  13:30  Zealot x4  
  157  13:38  High Templar x3  
  157  13:39  High Templar  
  165  13:42  Archon  
  165  13:43  Archon  
  165  13:50  Carrier (Chrono Boost)  
  163  14:06  Assimilator  
  159  14:10  Graviton Catapult (Chrono Boost)  
  161  14:27  Protoss Ground Armor Level 2 (Chrono Boost)  
  161  14:29  Adept x2  
  161  14:30  Stalker x3  
  161  14:31  Zealot x2  
  173  14:37  Pylon  
  175  14:39  Pylon  
  175  14:41  Pylon  
  175  14:43  Pylon  
  175  14:50  Nexus  
  175  14:51  Dark Shrine  
  175  14:53  Pylon  
  175  14:54  Pylon  
  175  14:55  Pylon  
  175  15:00  Carrier (Chrono Boost)  
  175  15:03  High Templar x2  
  175  15:04  High Templar x2  
  175  15:05  Zealot x4  
  191  15:07  Archon  
  191  15:08  Archon  
  193  15:38  Zealot x3  
  191  15:51  Zealot x5  
  167  16:12  Stalker x5  
  165  16:32  Stalker x2  
  161  16:33  Stalker  
Show
View Real Time Build Order
Export as new Build Order

Brainstorm Zerg 

Build Orders: Pool First, Lurkers 

Get SALT Encoding   

  12  0:00  Drone  
  13  0:13  Overlord  
  13  0:17  Drone  
  14  0:31  Drone x2  
  14  0:35  Drone  
  17  0:45  Spawning Pool  
  17  0:49  Drone  
  17  0:56  Drone  
  18  1:13  Hatchery  
  18  1:15  Drone  
  18  1:17  Extractor  
  17  1:19  Drone  
  18  1:29  Overlord  
  18  1:35  Queen  
  18  1:39  Drone  
  21  1:50  Drone  
  22  2:00  Zergling x2  
  23  2:11  Queen  
  25  2:28  Queen  
  28  2:30  Drone x3  
  30  2:38  Drone x2  
  30  2:40  Metabolic Boost  
  32  2:46  Queen  
  34  2:54  Drone x2  
  34  2:55  Overlord  
  35  3:00  Drone  
  36  3:06  Lair  
  36  3:08  Overlord  
  36  3:16  Extractor  
  36  3:17  Drone  
  36  3:22  Drone x4  
  40  3:29  Roach Warren  
  40  3:30  Drone  
  40  3:33  Drone  
  41  3:35  Drone  
  41  3:38  Drone  
  43  3:41  Extractor  
  43  3:44  Overlord  
  43  3:48  Drone  
  43  4:12  Roach x4  
  43  4:13  Hatchery, Roach  
  52  4:20  Drone  
  52  4:21  Evolution Chamber  
  52  4:22  Drone  
  52  4:23  Evolution Chamber  
  52  4:24  Drone  
  52  4:27  Drone  
  52  4:28  Drone  
  55  4:32  Overlord  
  55  4:49  Zerg Missile Weapons Level 1  
  55  4:50  Zerg Ground Armor Level 1  
  55  4:55  Drone x5  
  55  4:57  Hydralisk Den  
  59  5:00  Drone  
  59  5:02  Overlord, Extractor  
  59  5:05  Drone  
  60  5:08  Overlord  
  60  5:13  Lurker Den  
  60  5:23  Roach x3  
  60  5:25  Glial Reconstitution  
  66  5:48  Hydralisk  
  66  5:49  Hydralisk x4  
  68  5:56  Ravager  
  68  5:57  Queen  
  77  5:59  Drone x3  
  82  6:18  Spore Crawler  
  81  6:21  Overlord x4, Spore Crawler  
  80  6:44  Zerg Missile Weapons Level 2  
  80  6:46  Lurker x2  
  80  6:47  Lurker  
  83  6:49  Drone  
  83  6:50  Drone x8  
  83  6:52  Drone  
  83  6:53  Drone x5  
  83  6:54  Drone x2, Extractor  
  97  6:56  Lurker  
  97  6:58  Lurker  
  101  7:12  Overseer  
  101  7:13  Hydralisk x2  
  105  7:35  Overlord x5  
  105  7:44  Extractor  
  104  8:02  Drone x3  
  107  8:08  Roach x2  
  107  8:09  Roach x8  
  107  8:10  Roach x2  
  131  8:14  Drone x3  
  131  8:15  Drone  
  131  8:17  Zerg Ground Armor Level 2  
  135  8:24  Queen  
  135  8:25  Hatchery  
  136  8:31  Hydralisk x2  
  136  8:32  Hydralisk x3  
  133  8:55  Hydralisk x3  
  135  9:06  Roach  
  122  9:26  Roach  
  122  9:27  Roach x11  
  106  9:46  Roach x5  
  116  9:58  Hydralisk x3  
  122  10:16  Roach  
  122  10:17  Hydralisk x8  
  140  10:21  Hatchery  
  140  10:23  Ravager x4  
  140  10:24  Ravager  
  140  10:25  Overlord x3  
  144  10:34  Infestation Pit  
  143  10:41  Lurker  
  144  10:43  Overlord  
  144  10:44  Overlord x4  
  142  10:52  Queen x2  
  142  10:54  Queen  
  142  10:56  Queen  
  148  10:59  Overlord x2  
  148  11:00  Overlord x2  
  148  11:01  Hydralisk x3  
  148  11:02  Hydralisk x4  
  162  11:08  Hydralisk x2  
  162  11:11  Roach  
  168  11:31  Overseer  
  168  11:32  Overseer  
  165  11:36  Hydralisk  
  165  11:37  Hydralisk x7  
  177  11:53  Hydralisk x2  
  177  11:54  Hydralisk x4  
  185  12:01  Spine Crawler  
  185  12:04  Lurker  
  185  12:06  Lurker x3  
  185  12:08  Roach x2  
  187  12:09  Roach  
  191  12:25  Drone x8  
  191  12:26  Drone  
  195  12:44  Extractor  
  195  12:47  Extractor  
  131  13:19  Roach x7  
  143  13:21  Hydralisk x9  
  143  13:22  Hydralisk x5  
  143  13:23  Roach  
  173  13:33  Roach x5  
  183  13:38  Queen  
  185  13:44  Drone x5  
  186  14:22  Queen  
  188  14:26  Roach x6  
  198  14:40  Hive  
  198  14:56  Roach  
  196  15:06  Overseer  
  196  15:07  Overseer x2  
  193  15:09  Pneumatized Carapace  
  193  15:13  Hatchery  
  187  15:34  Roach x2  
  187  15:35  Roach x5  
  199  15:38  Hatchery  
  167  15:56  Roach x7  
  167  15:57  Roach x10  
  158  15:58  Roach x3  
  114  16:19  Roach x3  
  114  16:20  Roach x2  
Tags
 
Add a new tag
Caveats
  • Supply blocks, unpowered buildings, or Contaminate may cause inaccurate times.
  • Supply counts are checked every 10 seconds.